[Event "3rd President Cup-A 2024"]
[Site "Tashkent"]
[Date "2024.11.27"]
[Round "7.1"]
[White "Puranik, Abhimanyu"]
[Black "Abdusattorov, Nodirbek"]
[Result "1/2-1/2"]
[ECO "B14"]
[WhiteElo "2652"]
[BlackElo "2777"]
[Annotator "TA"]
[PlyCount "46"]
[EventDate "2024.11.22"]
[EventType "swiss"]
[EventCountry "UZB"]
[SourceTitle "playchess.com"]
[Source "ChessBase"]
[SourceQuality "1"]
[TimeControl "5400+30"]

1. e4 c6 2. d4 d5 3. exd5 cxd5 4. Nf3 Nc6 5. c4 e6 6. Nc3 Nf6 7. c5 Be7 8. Bb5 O-O 9. O-O Ne4 10. Re1 Nxc3 11. bxc3 Bd7 12. Bd3 b6 13. cxb6 axb6 14. a4 {[%emt 0:04:01] White is slightly better.} Bd6 {[%emt 0:05:34] The position is equal.} 15. Ng5 g6 16. Nxh7 Kxh7 17. Qh5+ Kg8 18. Bxg6 fxg6 19. Qxg6+ Kh8 20. Qh5+ Kg8 $1 (20... Kg7 $2 21. Bh6+ Kf6 22. Bg5+ Kg7 23. Qh6+ (23. Bxd8 Raxd8 24. Qg5+ Kf7 $18) 23... Kf7 24. Qh7+ (24. Bxd8 Nxd8 25. Re3 Ra7 $18) 24... Ke8 25. Qh5+ (25. Bxd8 Kxd8 26. Rab1 Rb8 $18) 25... Rf7 26. Bxd8 $18) 21. Qg4+ Kh8 22. Qh5+ Kg8 $1 (22... Kg7 23. Bh6+ Kf6 24. Bg5+ Kg7 25. Qh6+ (25. Bxd8 Nxd8 26. Qg4+ Kf6 $18) 25... Kf7 26. Qh7+ (26. Bxd8 Nxd8 27. Re3 Ke8 $18) 26... Ke8 27. Qh5+ (27. Bxd8 Kxd8 28. g3 Be7 $18) 27... Rf7 28. Bxd8 $18) 23. Qg6+ Kh8 {[%emt 0:00:02] An uneventful encounter.   Weighted Error Value: White=0.04 (flawless) /Black=0.00 (flawless) .  Inaccurate:     	White=1     	---        OK:         	White=7     	Black=3      Best:        	White=1     	Black=1      Strong:       	---       	Black=2} 1/2-1/2

[Event "3rd President Cup-A 2024"]
[Site "Tashkent"]
[Date "2024.11.27"]
[Round "7.2"]
[White "Sindarov, Javokhir"]
[Black "Sankalp Gupta"]
[Result "1-0"]
[ECO "A20"]
[WhiteElo "2682"]
[BlackElo "2539"]
[Annotator "TA"]
[PlyCount "89"]
[EventDate "2024.11.22"]
[EventType "swiss"]
[EventCountry "UZB"]
[SourceTitle "playchess.com"]
[Source "ChessBase"]
[SourceQuality "1"]
[TimeControl "5400+30"]

1. c4 e5 2. g3 c6 3. Nf3 e4 4. Nd4 d5 5. cxd5 Qxd5 6. Nc2 {[%emt 0:00:08] A20: English Opening: 1...e5.} Nf6 7. Nc3 Qe5 8. Bg2 Be7 9. Ne3 Na6 10. a3 O-O 11. b4 Nd5 $146 ({Predecessor:} 11... Re8 12. Bb2 Qe6 13. O-O Nc7 14. Qc2 Bd6 15. f3 exf3 16. Rxf3 Be5 17. Raf1 Qe7 {1-0 Sevian,S (2684)-Vachier Lagrave,M (2757) Chess.com Rapid CGC KO 2022 (2.5)}) 12. Ncxd5 cxd5 13. Rb1 $1 Rd8 14. O-O Nc7 15. Bb2 Qh5 16. Rc1 (16. Qc2 $14 Ne6 17. d3) 16... Ne6 (16... Ne8 $11) 17. f4 $16 Nf8 18. d3 a5 19. Be5 (19. dxe4 dxe4 20. Qc2 axb4 21. axb4 (21. Bxe4 bxa3 22. Be5 Qh6 $19) 21... Bxb4 $14) (19. Rc7 $16 Bd6 20. Rc2 axb4 21. axb4 (21. dxe4 bxa3 22. Ba1 dxe4 $17)) 19... d4 20. Rxc8 Raxc8 21. g4 $1 Qg6 $1 22. Bxe4 Qa6 23. Nf5 Bf6 24. bxa5 Rd7 25. Qb3 (25. Qd2 $11) 25... Rc5 (25... Bxe5 $17 26. fxe5 Qxa5 27. Nxd4 Qxe5) 26. Bxf6 (26. Nd6 $5) 26... Qxf6 27. Bxb7 Rxa5 28. Qb4 Ra7 29. Be4 g6 $2 (29... Ne6 $11) 30. g5 $18 Qd8 31. Nh6+ Kg7 {[%emt 0:00:03] [#]} 32. Ng4 $2 ({Only move:} 32. h4 $1 $18) 32... Ne6 $14 33. Nf6 Rdc7 34. h4 Rc2 35. Rf2 Nc5 (35... Ra6 $11) 36. f5 (36. Bd5 $16 Ra4 37. Qb1) 36... Nxe4 $11 37. Nxe4 gxf5 (37... Ra5 $11 {keeps the balance.}) 38. Nd6 $16 Rc1+ {[%emt 0:00:44] [#]} ({Better is} 38... Kg8) 39. Kg2 $1 $16 Kg8 40. Nxf5 (40. Qxd4 Qa8+ 41. Rf3 Ra4 $14) 40... Qd5+ ({Black should try} 40... Rc6 41. a4 (41. Qxd4 Qxd4 42. Nxd4 Rg6 $14) (41. Nxd4 Rb6 $16) 41... Re6 42. Nxd4 (42. Qxd4 Qxd4 43. Nxd4 Rg6 $14) 42... Rb6) 41. Rf3 $16 Qe5 42. Qb2 ({Much weaker is} 42. Nxd4 $6 Rd7 43. e3 Rd1 $11) 42... Re1 $2 (42... Rc3 $16 43. a4 Rd7) 43. e4 Rd7 44. Nh6+ Kg7 45. Qf2 1-0

[Event "3rd President Cup-A 2024"]
[Site "Tashkent"]
[Date "2024.11.27"]
[Round "7.3"]
[White "Nihal Sarin"]
[Black "Nigmatov, Ortik"]
[Result "1-0"]
[ECO "D35"]
[WhiteElo "2676"]
[BlackElo "2447"]
[Annotator "TA"]
[PlyCount "75"]
[EventDate "2024.11.22"]
[EventType "swiss"]
[EventCountry "UZB"]
[SourceTitle "playchess.com"]
[Source "ChessBase"]
[SourceQuality "1"]
[TimeControl "5400+30"]

1. d4 d5 2. Nf3 Nf6 3. c4 e6 4. cxd5 exd5 5. Qc2 c6 6. Nc3 g6 7. Bg5 h6 {[%emt 0:00:16] [#]} (7... Be7 $11) 8. Bxf6 $1 $16 Qxf6 {[%emt 0:06:26] [#]} 9. Nxd5 $1 Qd8 {[%emt 0:06:09] White is better.} (9... Qd6 10. Qe4+) 10. Nc3 {[%emt 0:05:36] White is more active.} Bg7 11. e3 Be6 12. Be2 O-O 13. O-O Nd7 14. h3 Rc8 15. Rfd1 Re8 16. Rac1 Qa5 17. Nd2 b5 (17... Qg5 $16) 18. Nb3 Qb4 19. Ne4 Bf8 20. Nbc5 Nxc5 21. a3 (21. dxc5 Red8 $16) 21... Qb3 22. Nxc5 (22. Nf6+ Kh8 $18) 22... Bxc5 23. Qxc5 (23. dxc5 Qxc2 24. Rxc2 Bb3 $17) 23... Qxb2 24. Bf3 Bd5 {[%emt 0:02:10] [#]} 25. Rb1 $1 ({Much weaker is} 25. Bxd5 $6 cxd5 26. Rb1 (26. Qxc8 Rxc8 27. Rxc8+ Kg7 $11) 26... Qxb1 27. Rxb1 Rxc5 28. dxc5 Rb8 $14) 25... Qa2 26. Bxd5 ({Not} 26. Qxa7 Bxf3 27. gxf3 b4 $11) 26... cxd5 27. Qxb5 Re6 (27... h5 $142 28. a4 Kg7) 28. Qd7 $18 Qc2 29. Qxa7 Qe2 30. Re1 Qd2 31. Rf1 Rf6 32. Qd7 Qc3 33. Qxd5 Qxa3 34. Ra1 Qf8 {[%emt 0:01:04] White has a decisive advantage.} 35. Rfc1 {[%emt 0:00:00] And now Rxc8 would win.} Rd8 36. Qc5 Qe8 37. Ra7 Re6 38. Rc7 {[%emt 0:00:00] Black did not feel at home in the position after the opening.   Weighted Error Value: White=0.05 (flawless) /Black=0.19 (very precise) .  Mistake:       	---       	Black=2      OK:         	White=18    	Black=7      Strong:       	White=1     	---        Brilliant:      	White=1     	---} 1-0

[Event "3rd President Cup-A 2024"]
[Site "Tashkent"]
[Date "2024.11.27"]
[Round "7.4"]
[White "Maghsoodloo, Parham"]
[Black "Neelash Saha"]
[Result "1/2-1/2"]
[ECO "D16"]
[WhiteElo "2712"]
[BlackElo "2458"]
[Annotator "TA"]
[PlyCount "61"]
[EventDate "2024.11.22"]
[EventType "swiss"]
[EventCountry "UZB"]
[SourceTitle "playchess.com"]
[Source "ChessBase"]
[SourceQuality "1"]
[TimeControl "5400+30"]

1. c4 c6 2. d4 d5 3. Nc3 Nf6 4. Nf3 dxc4 5. a4 e6 6. e3 c5 7. Bxc4 cxd4 8. exd4 Be7 9. O-O O-O 10. Qe2 Nc6 11. Rd1 Nb4 12. Bg5 h6 13. Bh4 Bd7 14. Ne5 Bc6 15. a5 Nfd5 16. Bg3 Be8 17. Bb3 Rc8 {[%emt 0:02:16] The position is equal.} 18. Qf3 Bc6 19. h3 Nxc3 20. Nxc6 Ne2+ $1 ({Don't play} 20... Nxc6 $6 21. bxc3 Nxa5 22. Bc2 $16) 21. Qxe2 Rxc6 22. Bf4 Bd6 23. Bd2 Nd5 24. Qf3 Bb8 25. Rac1 Rxc1 26. Rxc1 Qd7 27. Bxd5 exd5 28. Rc5 Rd8 29. Qb3 a6 30. Rc1 Re8 31. Re1 {[%emt 0:03:01] An even fight not without its subleties.   Weighted Error Value: White=0.04 (flawless) /Black=0.04 (flawless) .  Inaccurate:     	White=1     	Black=1      OK:         	White=7     	Black=10     Best:        	White=1     	---        Strong:       	---       	Black=1} 1/2-1/2

[Event "3rd President Cup-A 2024"]
[Site "Tashkent"]
[Date "2024.11.27"]
[Round "7.5"]
[White "Vokhidov, Shamsiddin"]
[Black "Yakubboev, Nodirbek"]
[Result "1-0"]
[ECO "C55"]
[WhiteElo "2681"]
[BlackElo "2668"]
[Annotator "TA"]
[PlyCount "73"]
[EventDate "2024.11.22"]
[EventType "swiss"]
[EventCountry "UZB"]
[SourceTitle "playchess.com"]
[Source "ChessBase"]
[SourceQuality "1"]
[TimeControl "5400+30"]

1. e4 e5 2. Nf3 Nc6 3. Bc4 Nf6 4. d3 Be7 5. O-O O-O 6. Nc3 h6 7. h3 d6 8. a3 Be6 9. Nd5 Qd7 10. Re1 {[%emt 0:03:45] The position is equal.} Bd8 11. Ba2 Nh7 12. c3 Ne7 13. d4 Ng6 14. c4 Ng5 15. Be3 (15. dxe5 $11 dxe5 16. Bxg5 Bxg5 17. Nxg5 hxg5 18. c5) 15... Nxe4 $17 16. Bb1 f5 17. dxe5 dxe5 18. Bxe4 fxe4 19. Nd2 {[%emt 0:01:43] [#]} Bxh3 $1 20. gxh3 (20. Bc5 Bg4) 20... Qxh3 {[%emt 0:00:06] ...Nh4 is the strong threat.} 21. Qe2 c6 ({Black should try} 21... Nh4 $19 22. Qf1 Qg4+ 23. Kh2 Rf3 (23... c6 24. Qh3 $17)) 22. Qf1 {[%emt 0:06:26] Wards off Qg2+} Qg4+ $40 {[%emt 0:00:37][%mdl 128] Black is out for blood.} 23. Qg2 Qxg2+ 24. Kxg2 cxd5 25. cxd5 Nh4+ 26. Kf1 Nf3 27. Red1 {[%emt 0:00:04] [#]} (27. Re2 $17) 27... Bg5 $1 $19 {[%emt 0:02:43] ...Bxe3 would now be deadly.} 28. Ke2 {[%emt 0:02:41] [#]} Bxe3 $1 29. Kxe3 Nd4 {[%emt 0:00:54] aiming for ...Nc2+.} 30. Kxe4 Rxf2 31. d6 Nf5 (31... Rf4+ $142 32. Kd5 Nc2) 32. Nc4 Rf4+ (32... Rd8 $17 {Strongly threatening ...b5.} 33. a4 Ng3+ 34. Kxe5 h5) 33. Kxe5 $11 Rxc4 34. Kxf5 {[%emt 0:00:02] Threatens to win with d7.} Re8 {[%emt 0:02:13] ( -> ...Kf7)} 35. Rac1 Rce4 36. Rd5 {[%emt 0:00:03] Dodges R8e5+} R8e6 $2 (36... Kh7 $11 37. Rc7 Re3) 37. Rg1 {[%emt 0:00:19] Weighted Error Value: White=0.20 (precise) /Black=0.38.  Loses game:     	---       	Black=1      Mistake:       	White=2     	Black=3      Inaccurate:     	White=2     	---        OK:         	White=4     	Black=13     Best:        	White=5     	Black=1      Strong:       	---       	Black=1} 1-0

[Event "3rd President Cup-A 2024"]
[Site "Tashkent"]
[Date "2024.11.27"]
[Round "7.6"]
[White "Prraneeth Vuppala"]
[Black "Karthikeyan, Murali"]
[Result "1/2-1/2"]
[ECO "B22"]
[WhiteElo "2459"]
[BlackElo "2625"]
[Annotator "TA"]
[PlyCount "130"]
[EventDate "2024.11.22"]
[EventType "swiss"]
[EventCountry "UZB"]
[SourceTitle "playchess.com"]
[Source "ChessBase"]
[SourceQuality "1"]
[TimeControl "5400+30"]

1. e4 c5 2. Nf3 e6 3. c3 d5 4. exd5 Qxd5 5. d4 Nf6 6. Be2 Nc6 7. Na3 cxd4 8. Nb5 Qd8 9. Nbxd4 Nxd4 {[%emt 0:02:30] 9...Bd7 is more fashionable.} 10. Qxd4 Qxd4 11. Nxd4 Bc5 {[%emt 0:03:31] B22: Sicilian: 2 c3.} 12. Nb3 Bb6 13. a4 a5 14. Nd2 Bd7 $146 ({Predecessor:} 14... O-O 15. Nc4 Bc7 16. Bf3 e5 17. O-O Be6 18. Be2 Nd5 19. Re1 Rad8 20. Bf1 Nf4 21. Bxf4 exf4 {0-1 Hong,X (1995)-Sun,J (1870) China zt 3.5 (Women) 2023 (4)}) 15. Nc4 Bc7 16. Bf3 Nd5 17. Ne3 Nb6 18. b3 Be5 19. Bd2 Bc6 20. Bxc6+ bxc6 21. O-O-O O-O 22. Kc2 Rfc8 23. c4 c5 24. Bc3 Bxc3 25. Kxc3 Rd8 26. Ng4 f6 27. f4 Kf7 28. Nf2 Ke7 29. Ne4 Rxd1 30. Rxd1 Nd7 31. Re1 g6 32. g4 Rc8 33. f5 Ne5 34. g5 exf5 35. Nxf6 Kd6 36. Rd1+ ({Much weaker is} 36. Nxh7 Rh8 37. Nf6 Nf3 $17 (37... Rxh2 38. Ne8+ Ke6 39. Nc7+ Kd6 40. Nb5+ Ke6 41. Nc7+ Kd6 42. Ne8+ Ke6 43. Nc7+ $11)) 36... Ke6 37. Nd5 (37. Nxh7 $2 Rh8 38. Nf6 Rh3+ (38... Rxh2 39. Re1 $11) 39. Kc2 Rxh2+ 40. Kc3 Rh3+ 41. Kc2 Nc6 $17) 37... Nf3 38. h4 $1 Nxh4 39. Re1+ Kd6 40. Re3 h6 41. gxh6 Rh8 42. Rd3 Kc6 43. Ne7+ Kc7 44. Nd5+ Kb7 45. Nf4 Rxh6 46. Rd6 Rh8 47. Nxg6 Rh6 48. Rd7+ Kc8 49. Ne5 Nf3 50. Rd5 Nxe5 51. Rxe5 Rc6 52. Rxf5 Kb7 53. Kd3 Kb6 54. Ke4 Rd6 55. Rf8 Kb7 56. Rf3 Rd4+ 57. Ke5 Rd1 58. Rf7+ Kb6 59. Rf6+ Kb7 60. Rd6 Rb1 61. Kd5 (61. Rd7+ $16 Kb6 62. Rd6+ Kb7 63. Rd3) 61... Rxb3 $11 62. Kxc5 Rb4 63. Rd7+ Kb8 64. Kd5 Rxa4 65. c5 Rh4 1/2-1/2

[Event "3rd President Cup-A 2024"]
[Site "Tashkent"]
[Date "2024.11.27"]
[Round "7.7"]
[White "Pranesh M"]
[Black "Khubukshanov, Erdem"]
[Result "1/2-1/2"]
[ECO "B23"]
[WhiteElo "2580"]
[BlackElo "2443"]
[Annotator "TA"]
[PlyCount "130"]
[EventDate "2024.11.22"]
[EventType "swiss"]
[EventCountry "UZB"]
[SourceTitle "playchess.com"]
[Source "ChessBase"]
[SourceQuality "1"]
[TimeControl "5400+30"]

1. e4 c5 2. Nc3 d6 3. f4 g6 4. Nf3 Bg7 5. Bb5+ Bd7 6. Bc4 e6 7. d4 cxd4 8. Nxd4 {[%emt 0:00:10] White has an edge.} Ne7 9. Be3 O-O 10. Qf3 Nbc6 11. O-O-O Na5 12. Bb3 Rc8 13. Kb1 Nc4 ({Better is} 13... Nxb3 $11 14. axb3 Qa5) 14. Bxc4 Rxc4 15. g4 Nc6 16. Nde2 Nb4 $2 (16... Qa5 $11) 17. a3 $18 (17. Bxa7 b6 18. Qe3 Qa8 19. Bxb6 Bc6 $19) (17. Rxd6 Bxc3 (17... Nxc2 18. Rhd1 $18) 18. Nxc3 Rxc3 19. bxc3 Qa5 20. cxb4 (20. Rxd7 $2 Qxa2+ 21. Kc1 Qxc2#) 20... Qxb4+ 21. Ka1 Qxd6 $11) 17... a5 (17... Nxc2 {is a better defense.} 18. Kxc2 b5) 18. f5 (18. axb4 axb4 19. Na2 Qa5 $11) (18. Rxd6 $1 $18 Qe7 (18... Nxc2 19. Bb6 $18) 19. Rhd1) 18... Nc6 (18... Nxc2 $142 19. Kxc2 b5) 19. Rxd6 $16 {[%emt 0:02:38] Bf4 is the strong threat. White is more active.} Qe7 20. Rhd1 Bc8 21. Qf2 Ne5 (21... exf5 $142 22. gxf5 Rxc3 23. Nxc3 Bxc3) 22. h3 $18 {[%emt 0:00:31] Black is weak on the dark squares} Re8 (22... b5 {was necessary.} 23. b3 (23. Nxb5 Bd7 $18) 23... b4) 23. Bb6 Nc6 {[%emt 0:01:28] Against Bd8} 24. fxg6 fxg6 25. Qe3 a4 (25... Ne5 $142 26. Bd8 (26. Bxa5 Nf7 $18) 26... Qf7 27. Bxa5 Qe7) 26. g5 (26. b3 $142 Rxc3 27. Nxc3 axb3 28. cxb3) 26... Ne5 27. Bc5 (27. h4 $18) 27... Qc7 $16 28. Bb6 (28. Ba7 $16) 28... Qe7 $18 29. Rd8 {[%emt 0:01:37] Hoping for Rxe8+.} Bd7 30. Rxe8+ Bxe8 31. Bd4 (31. Rd8 Rc6 32. Rb8 (32. Nxa4 $2 Nc4 $19) 32... Nc4 $14) 31... b5 32. Qg3 Qc7 (32... Qd6 $16 {might work better.}) 33. Nf4 $2 (33. b3 $1 $18 {[%cal Rb3c4] is the precise move to win.} Rc6 34. Nxb5 (34. bxa4 bxa4 35. Ka2 Rc4 $11)) 33... Rxd4 $16 34. Rxd4 Nc4 35. Rd3 (35. Rxc4 $16 bxc4 36. Qe3 Bxc3 37. bxc3 Qb8+ 38. Kc1) 35... Be5 $11 36. Nce2 Bxb2 {[%emt 0:00:33] Threatens to win with ...Be5. A strong pair of Bishops.} 37. Nxe6 Qe7 38. Nc7 Be5 (38... Nxa3+ $11 39. Rxa3 (39. Kxb2 Qb4+ $15) 39... Bxa3) 39. Nd5 $16 Qc5 40. Qf3 (40. Qg4 $1 $16 {Qe6+ would now be deadly.} Kf8 (40... Nxa3+ $2 41. Rxa3 Qxa3 42. Qe6+ Bf7 43. Qxe5 $18) 41. Kc1 Bb2+ 42. Kb1) 40... Kg7 (40... Bc6 $1 $14) 41. h4 Bc6 (41... Bf7 $16) 42. Kc1 (42. Ne3 $18) 42... Nb2 {[%emt 0:01:29] [#]} 43. Rc3 Nc4 $14 {[%emt 0:00:00][%cal Oc6d5] [#]} 44. Ndf4 Qe7 $1 $11 {[%emt 0:00:00] The position is equal.} 45. h5 Bxc3 46. Qxc3+ Kg8 47. hxg6 hxg6 {[%emt 0:00:16] [#]} 48. Qh8+ $1 Kxh8 49. Nxg6+ Kg7 50. Nxe7 Bxe4 51. Nc3 Bxc2 52. Kxc2 Nxa3+ {[%emt 0:00:04][%mdl 4096] Endgame.} 53. Kc1 Nc4 54. Ncd5 b4 55. Nxb4 Ne5 56. Nbd5 {[%emt 0:01:19] aiming for Nf4.} Nf3 57. g6 {[%emt 0:00:13] And now Nf4 would win.} Ne5 58. Nf4 Kf6 $1 59. Ned5+ ({Don't play} 59. Nfd5+ Kg7 $14) 59... Kg7 60. Ne7 {[%emt 0:00:11] Threatening mate with Nh5+.} Kf6 $1 61. Nfd5+ Kg7 62. Kb2 Nxg6 63. Nc6 ({Not} 63. Nf5+ Kf7 $16) 63... Kf7 64. Ka3 Ke6 65. Nc3 Kd6 {[%emt 0:00:18] Weighted Error Value: White=0.29 (precise) /Black=0.25 (precise) .  Loses game:     	---       	Black=1      Mistake:       	White=10    	Black=10     Inaccurate:     	White=2     	Black=2      OK:         	White=18    	Black=25     Best:        	White=5     	Black=7      Strong:       	---       	Black=3      Brilliant:      	White=1     	---} 1/2-1/2

[Event "3rd President Cup-A 2024"]
[Site "Tashkent"]
[Date "2024.11.27"]
[Round "7.8"]
[White "Pingin, Artem"]
[Black "Bernadskiy, Vitaliy"]
[Result "1/2-1/2"]
[ECO "E11"]
[WhiteElo "2447"]
[BlackElo "2543"]
[Annotator "TA"]
[PlyCount "35"]
[EventDate "2024.11.22"]
[EventType "swiss"]
[EventCountry "UZB"]
[SourceTitle "playchess.com"]
[Source "ChessBase"]
[SourceQuality "1"]
[TimeControl "5400+30"]

1. d4 Nf6 2. c4 e6 3. Nf3 b6 4. g3 Bb4+ 5. Bd2 Bxd2+ 6. Qxd2 c6 7. Qc2 d5 8. Nbd2 Bb7 9. Bg2 O-O 10. O-O Nbd7 11. e4 dxe4 12. Nxe4 c5 13. Nd6 Bc6 14. Rad1 Qc7 15. Nb5 (15. d5 $5 exd5 16. cxd5 Nxd5 17. Ng5 $16) 15... Qb7 16. Nd6 Qc7 17. Nb5 (17. d5 $5 exd5 18. cxd5 Nxd5 19. Ng5 $16) 17... Qb7 18. Nd6 {[%emt 0:00:03] An uneventful encounter.   Weighted Error Value: White=0.14 (very precise) /Black=0.00 (flawless) .  Inaccurate:     	White=1     	---        OK:         	White=3     	Black=4} 1/2-1/2

[Event "3rd President Cup-A 2024"]
[Site "Tashkent"]
[Date "2024.11.27"]
[Round "7.9"]
[White "Raja Rithvik R"]
[Black "Mamedov, Edgar"]
[Result "1/2-1/2"]
[ECO "D30"]
[WhiteElo "2528"]
[BlackElo "2448"]
[Annotator "TA"]
[PlyCount "49"]
[EventDate "2024.11.22"]
[EventType "swiss"]
[EventCountry "UZB"]
[SourceTitle "playchess.com"]
[Source "ChessBase"]
[SourceQuality "1"]
[TimeControl "5400+30"]

1. d4 d5 2. c4 c6 3. Nf3 Nf6 4. e3 e6 5. Nbd2 Nbd7 6. b3 Bd6 7. Bb2 b6 8. Bd3 Bb7 9. e4 dxe4 {[%emt 0:00:51] The position is equal.} 10. Nxe4 Nxe4 11. Bxe4 Nf6 12. Bc2 c5 13. Qe2 Qe7 14. O-O-O O-O-O 15. Kb1 cxd4 16. Nxd4 a6 {[%emt 0:01:26][%cal Oh8e8] Wards off Nb5} 17. Nf3 Rhg8 18. Rhg1 g5 (18... Bc5 $14 {might be stronger.}) 19. Ne5 $16 h6 20. f3 {[%emt 0:12:46][%cal Od1d6] White is more active.} Bc7 21. Qe3 Nd7 22. Nxd7 Rxd7 23. Rxd7 Qxd7 24. Rd1 Qe7 25. Be5 {[%emt 0:15:57] Weighted Error Value: White=0.08 (flawless) /Black=0.08 (flawless) .  Mistake:       	---       	Black=1      Inaccurate:     	White=2     	Black=1      OK:         	White=7     	Black=7} 1/2-1/2

[Event "3rd President Cup-A 2024"]
[Site "Tashkent"]
[Date "2024.11.27"]
[Round "7.10"]
[White "Orozbaev, Eldiyar"]
[Black "Atabayev, Saparmyrat"]
[Result "0-1"]
[ECO "C77"]
[WhiteElo "2421"]
[BlackElo "2520"]
[Annotator "TA"]
[PlyCount "72"]
[EventDate "2024.11.22"]
[EventType "swiss"]
[EventCountry "UZB"]
[SourceTitle "playchess.com"]
[Source "ChessBase"]
[SourceQuality "1"]
[TimeControl "5400+30"]

1. e4 e5 2. Nf3 Nc6 3. Bb5 a6 4. Ba4 Nf6 5. Nc3 b5 6. Bb3 Be7 7. d3 d6 8. a4 b4 9. Nd5 Rb8 10. c3 bxc3 {[%emt 0:05:46] The position is equal.} 11. bxc3 Na5 12. Ba2 Nxd5 13. Bxd5 O-O 14. d4 Bg4 15. Be3 (15. O-O $11) 15... exd4 $15 16. cxd4 c6 17. Ba2 d5 18. Qd3 Bb4+ 19. Kf1 g6 (19... dxe4 $15 20. Qxe4 Qc8) 20. Ne5 Be6 $36 {[%emt 0:00:31][%mdl 2048] Strongly threatening ...dxe4. Black has the initiative.} 21. Qc2 {[%emt 0:12:04] [#]} c5 22. dxc5 $11 d4 23. Rd1 $1 Bc3 (23... Bxa2 $11 24. Qxa2 Qe7 (24... Bxc5 25. Bh6 $14) 25. Bxd4 Rfd8) 24. Bc1 (24. Bxe6 $14 fxe6 25. Bc1) 24... Qe7 $17 25. Bxe6 (25. Nd3 $1 $11 {remains equal.}) 25... Qxe6 (25... fxe6 26. h4 $16) 26. Nd7 {[%emt 0:01:54] This move loses the game for White.} Qxd7 $19 27. Qxc3 Nb3 28. Qc4 (28. Qf3 $17 Nxc5 29. Bh6) 28... Rfc8 {[%emt 0:00:22][%mdl 1024] Black has strong compensation.} 29. Ba3 Na5 30. Qc2 (30. Qxd4 $2 {perishes.} Qxd4 31. Rxd4 Rb1+ 32. Ke2 Rxh1 $19) 30... Rb3 31. Bb2 $2 (31. Bc1) 31... d3 32. Qc1 {[%emt 0:00:01] White is weak on the light squares} Qxa4 {[%emt 0:00:28][%cal Ob3b2] [#] ...Rxb2! is the strong threat.} 33. Ba1 (33. Bf6 $142 Rc6 (33... Qxe4 $2 34. h4 $19) 34. Ba1) 33... Ra3 {[%emt 0:02:30][%cal Oc8c5] White must now prevent ...Rxc5! Black is clearly winning.} 34. Qb1 Qc2 (34... Rxc5 35. Qb8+) 35. g3 Nb3 (35... Rxc5 $2 36. Kg2 $17) ({Weaker is} 35... Qxc5 36. Qb2 Rxa1 37. Qxa1 $15) 36. Kg2 Rxa1 {[%emt 0:00:40] Weighted Error Value: White=0.74/Black=0.26 (precise) .  Mistake:       	White=7     	Black=3      Inaccurate:     	White=7     	Black=4      OK:         	White=6     	Black=10     Best:        	White=3     	Black=5      Strong:       	White=1     	---} (36... Nxa1 37. Qb7 Qxc5 (37... Rxc5 38. Rc1 $11) 38. Rxa1 Rxa1 39. Rxa1 $15) 0-1

[Event "3rd President Cup-A 2024"]
[Site "Tashkent"]
[Date "2024.11.27"]
[Round "7.11"]
[White "Nazari, Arad"]
[Black "Saydaliev, Saidakbar"]
[Result "0-1"]
[ECO "B98"]
[WhiteElo "2401"]
[BlackElo "2473"]
[Annotator "TA"]
[PlyCount "119"]
[EventDate "2024.11.22"]
[EventType "swiss"]
[EventCountry "UZB"]
[SourceTitle "playchess.com"]
[Source "ChessBase"]
[SourceQuality "1"]
[TimeControl "5400+30"]

1. e4 c5 2. Nf3 d6 3. d4 cxd4 4. Nxd4 Nf6 5. Nc3 a6 6. Bg5 e6 7. f4 Be7 8. Qf3 h6 9. Bh4 Nbd7 10. O-O-O Qc7 11. Bf2 (11. Be2 $11) 11... b5 $15 12. a3 $1 Bb7 13. f5 (13. Kb1 $15) 13... e5 $17 {[%emt 0:02:35] Black is better.} 14. Nb3 Rc8 {[%emt 0:11:45][%cal Of6e4] Strongly threatening ...Nxe4!} 15. Bd3 Qb8 16. Nd5 (16. Be1 $15) 16... Nxd5 $1 17. exd5 Nf6 18. Be4 O-O {[%emt 0:05:00] ...Nxe4 is the strong threat.} 19. Na5 ({White should try} 19. Bh4 $15) 19... Ba8 (19... Qc7 {keeps more tension.} 20. Nxb7 b4 21. Nc5 bxa3 22. bxa3 Qa5) 20. Be1 {[%emt 0:03:41] Prevents b4} Bd8 21. Nc6 Bxc6 22. dxc6 Be7 23. Ba5 Qa8 24. Bd5 Nxd5 25. Rxd5 Rxc6 26. Rhd1 Rc4 27. Qe2 Rfc8 28. Bc3 Rf4 29. g4 Qa7 30. Be1 {[%emt 0:03:13] [#] Inhibits Rf2.} Rcc4 $1 31. h3 Rce4 32. Qg2 {[%emt 0:01:37] [#]} Qe3+ $1 33. Kb1 Qf3 34. Qxf3 Rxf3 35. Bb4 Rxh3 36. Bxd6 Bf6 37. Bc7 Rg3 38. Bd8 $2 (38. Rd6 {was called for.}) 38... Rexg4 $19 ({Resist} 38... Rgxg4 39. Bxf6 gxf6 40. Rd8+ Kg7 41. Ra8) 39. Bxf6 gxf6 {[%emt 0:00:02][%mdl 4096] Endgame. KRR-KRR} 40. Rd8+ Kg7 41. R1d6 h5 42. Rxa6 h4 43. Raa8 {[%emt 0:00:19] White threatens Rh8 and mate.} Kh6 44. Rh8+ Kg5 45. b3 e4 46. Rae8 e3 47. Kb2 Kxf5 48. Kc3 Re4 {[%emt 0:02:06] ( -> ...e2+)} 49. Rxe4 Kxe4 50. Rxh4+ {[%emt 0:00:10] KR-KR} Kf3 51. Kd3 f5 52. Rh1 f4 {[%emt 0:00:25] ...e2 would now be deadly.} 53. Rf1+ Kg4 54. a4 bxa4 55. bxa4 Rg2 56. a5 Rd2+ {[%emt 0:00:55] Black mates.} 57. Kc3 Rd6 58. Ra1 e2 59. a6 {[%emt 0:00:04] [#]} Rxa6 $3 60. Kd4 {[%emt 0:09:38] Weighted Error Value: White=0.75/Black=0.12 (very precise) .  Mistake:       	White=4     	---        Inaccurate:     	---       	Black=1      OK:         	White=12    	Black=19     Best:        	White=1     	Black=2      Strong:       	White=1     	Black=2} (60. Rxa6 e1=Q+) 0-1